 Dungeon Crawl Stone Soup version 0.18-a0-1560-ge216ca8 (webtiles) character file.

1061 Ijustatesigmund the Contemplative (level 8, -4/52 HPs)
             Began as an Octopode Transmuter on Mar 12, 2016.
             Was a Priest of Cheibriados.
             Shot with a poisoned arrow by a centaur (15 damage)
             ... on level 6 of the Dungeon.
             The game lasted 00:14:53 (5844 turns).

Ijustatesigmund the Contemplative (OpTm)            Turns: 5844, Time: 00:14:55

Health: -4/52      AC:  2    Str: 15    XL:     8   Next: 27%
Magic:  13/22      EV: 20    Int: 24    God:    Cheibriados [***...]
Gold:   47         SH:  0    Dex: 21    Spells: 4 memorised, 4 levels left

rFire  . . .     SeeInvis .       - Unarmed
rCold  . . .     Gourm    .     (shield currently unavailable)
rNeg   . . .     Faith    .     (helmet currently unavailable)
rPois  .         Spirit   .     (no amulet)
rElec  .         Dismiss  .     g - ring of wizardry
rCorr  .         Reflect  .     m - -2 ring of dexterity (curse)
SustAt .         Harm     .     n - ring of magical power
MR     .....                    o - ring of Cajed {rPois Stlth+}
Stlth  +++++.....               (no ring)
                                (no ring)
                                (no ring)
                                (no ring)

@: spider-form, very slow, not resistant to hostile enchantments, quite stealthy
A: almost no armour, (amphibious), 8 rings, (constrict 8), (camouflage 0),
(gelatinous body 0)
a: End Transformation, Bend Time, Temporal Distortion, Renounce Religion


You were on level 6 of the Dungeon.
You worshipped Cheibriados.
Cheibriados was most pleased with you.
You were hungry.
You were a venomous arachnid creature.
You visited 1 branch of the dungeon, and saw 6 of its levels.

You collected 141 gold pieces.
You spent 94 gold pieces at shops.

Inventory:

Missiles
 a - 22 arrows
 j - 2 arrows of dispersal
Jewellery
 g - a ring of wizardry (left front leg)
 m - a cursed -2 ring of dexterity (right front leg)
 n - a ring of magical power (on tentacle)
 o - the ring of Cajed (on tentacle) {rPois Stlth+}
   (You acquired it on level 5 of the Dungeon)

   [ring of stealth]

   It protects you from poison.
   It makes you more stealthy.
Scrolls
 k - a scroll of magic mapping
 p - a scroll of identify
Potions
 d - a potion of flight
 e - a potion of mutation
 f - a potion of curing
 h - a potion of might
 l - 2 potions of brilliance
 q - 2 potions of lignification
Books
 b - a book of Changes

   Spells                             Type                      Level
   a - Beastly Appendage              Transmutation                1
   b - Sticks to Snakes               Transmutation                2
   c - Spider Form                    Transmutation/Poison         3
   d - Ice Form                       Ice/Transmutation            4
   e - Blade Hands                    Transmutation                5
Comestibles
 c - 4 bread rations
 i - a meat ration
 r - a beef jerky
 s - a chunk of flesh


   Skills:
 - Level 3.1 Fighting
 - Level 2.0 Dodging
 - Level 4.1 Stealth
 - Level 4.0 Unarmed Combat
 + Level 3.8 Spellcasting
 + Level 4.2 Transmutations
 - Level 2.0 Ice Magic
 - Level 2.4 Poison Magic
 - Level 4.8 Invocations


You had 4 spell levels left.
You knew the following spells:

 Your Spells              Type           Power        Failure   Level  Hunger
a - Beastly Appendage     Trmt           ###...       3%          1    None
b - Sticks to Snakes      Trmt           ###.....     4%          2    #......
c - Spider Form           Trmt/Pois      ###.......   10%         3    ##.....
d - Ice Form              Ice/Trmt       ###.....     22%         4    ####...


Dungeon Overview and Level Annotations

Branches:
Dungeon (6/15)
 Temple: D:4-7

Altars:
Cheibriados

Shops:
D:5 *


Innate Abilities, Weirdness & Mutations

You cannot wear most types of armour.
((You are amphibious.))
You can wear up to eight rings at the same time.
((You can use your tentacles to constrict eight enemies at once.))
((Your skin changes colour to match your surroundings (Stealth).))
((Your rubbery body absorbs attacks (AC +1).))


Message History

The centaur is moderately wounded.
You feel sick. The centaur hits you with a shortbow!
* * * LOW HITPOINT WARNING * * *
The centaur barely misses you.
Drink which item? (? for menu, Esc to quit)
Okay, then.
Read which item? (? for menu, Esc to quit)
Okay, then.
Drink which item? (? for menu, Esc to quit)
You feel better. The centaur hits you with a shortbow.
* * * LOW HITPOINT WARNING * * *
You warp the flow of time around you!
You are feeling hungry.
Casting: Ice Form
Confirm with . or Enter, or press ? or * to list all spells.
You warm up again.
You turn into a venomous arachnid creature.
The centaur shouts!
The centaur shoots a poisoned arrow.
The poisoned arrow hits you!
You die...

###### #....#
#....########
####....()(<...#
....c...(#####.....
........(# ##.
........(#
.).....s##
...$....# ........#
......... #######..
#... ##.. ...


You could see a centaur.

Vanquished Creatures
  Sigmund (D:4)
  An orc warrior (D:5)
  An ice beast (D:5)
  An ogre (D:4)
  A big kobold (D:6)
  A scorpion (D:5)
  A water moccasin skeleton (D:5)
  A centaur zombie (D:5)
  A crimson imp (D:5)
  2 orc priests
  3 hounds (D:4)
  An orc wizard (D:5)
  A worker ant (D:5)
  A hound skeleton (D:4)
  A gnoll (D:3)
  7 adders
  2 shadow imps
  4 worms
  3 giant geckos
  14 orcs
  4 bats
  A giant cockroach (D:5)
  7 goblins
  6 hobgoblins
  3 jackals (D:4)
  2 quokkas
  A ball python (D:5)
  6 giant newts
  15 kobolds
  A quokka skeleton (D:5)
  7 rats (D:1)
101 creatures vanquished.

Vanquished Creatures (collateral kills)
  2 gnolls (D:3)
  2 orcs (D:4)
  A hobgoblin (D:3)
5 creatures vanquished.

Grand Total: 106 creatures vanquished

Notes
Turn   | Place    | Note
--------------------------------------------------------------
     0 | D:1      | Ijustatesigmund the Octopode Transmuter began the quest for the Orb.
     0 | D:1      | Reached XP level 1. HP: 13/13 MP: 3/3
   123 | D:1      | Reached XP level 2. HP: 18/18 MP: 5/5
   127 | D:1      | Learned a level 2 spell: Sticks to Snakes
   876 | D:1      | Reached XP level 3. HP: 24/24 MP: 6/6
   881 | D:1      | Learned a level 3 spell: Spider Form
  1236 | D:2      | Reached skill level 1 in Poison Magic
  1536 | D:2      | Found a snail-covered altar of Cheibriados.
  1780 | D:2      | Became a worshipper of Cheibriados the Contemplative
  1975 | D:2      | Reached XP level 4. HP: 24/30 MP: 3/7
  2396 | D:3      | Found a faded altar to an unknown god.
  2857 | D:3      | Reached skill level 1 in Invocations
  2890 | D:3      | Reached XP level 5. HP: 36/36 MP: 8/8
  3435 | D:4      | Noticed an ogre
  3443 | D:4      | Killed an ogre
  3443 | D:4      | Reached * piety under Cheibriados
  3443 | D:4      | Reached XP level 6. HP: 42/42 MP: 5/9
  3536 | D:4      | Noticed Sigmund
  3552 | D:4      | Killed Sigmund
  3708 | D:4      | Reached XP level 7. HP: 21/46 MP: 3/10
  4302 | D:5      | Entered Level 5 of the Dungeon
  4349 | D:5      | Found Ilecaer's Assorted Antiques.
  4356 | D:5      | Learned a level 4 spell: Ice Form
  4442 | D:5      | Bought a scroll of identify for 32 gold pieces
  4442 | D:5      | Bought a scroll labeled TASOTS SANYJ for 16 gold pieces
  4442 | D:5      | Bought an emerald potion for 14 gold pieces
  4442 | D:5      | Bought a scroll of identify for 32 gold pieces
  4449 | D:5      | Got a translucent lead ring
  4453 | D:5      | Identified the ring of Cajed {rPois Stlth+} (You acquired it on level 5 of the Dungeon)
  4561 | D:5      | Reached ** piety under Cheibriados
  4980 | D:5      | Reached XP level 8. HP: 40/52 MP: 12/12
  5833 | D:6      | Reached *** piety under Cheibriados
  5844 | D:6      | Shot with a poisoned arrow by a centaur

Vault maps used:
D:1:      dpeg_arrival_rooms_a, minmay_misc_feat_alley, minmay_tree_intersection
D:2:      cheibriados_altar_1
D:3:      first_bread, ecumenical_altar_2
D:4:      uniq_sigmund
D:5:      serial_shops, nicolae_shop_stone, kennysheep_generic_room_9
D:6:      kennysheep_orc_sif_temple, nicolae_overflow_quartered_altars,
          nicolae_water_bricks

Skill      XL: |  1  2  3  4  5  6  7  8 |
---------------+-------------------------+-----
Fighting       | 2 3 |  3.1
Poison Magic   | 1 2 |  2.4
Invocations    | 1 3 4 |  4.8
Unarmed Combat | 4 |  4.0
Stealth        | 2 4 |  4.1
Ice Magic      | 2 |  2.0
Transmutations | 3 4 |  4.2
Spellcasting   | 3 |  3.8
Dodging        | |  2.0

Action                   |  1- 3 |  4- 6 |  7- 9 || total
-------------------------+-------+-------+-------++-------
Melee: Unarmed           |    84 |    74 |   134 ||   292
 Cast: Spider Form       |     4 |     7 |     4 ||    15
       Beastly Appendage |     2 |     4 |     3 ||     9
       Sticks to Snakes  |       |     8 |     1 ||     9
       Ice Form          |       |       |     4 ||     4
Invok: Temporal Distorti |       |       |     1 ||     1
  Use: Scroll            |     5 |     1 |     8 ||    14
       Potion            |       |     1 |     2 ||     3
 Stab: Sleeping          |     6 |     2 |     4 ||    12
  Eat: Chunk             |     3 |     4 |     4 ||    11
       Pizza             |       |     3 |       ||     3
